 Dungeon Crawl Stone Soup version 0.31.0-32-g396128a36d (webtiles) character file.

Game seed: 11651029726382542815

353 Marvel the Chopper (level 6, -2/47 (53) HPs)
             Began as a Hill Orc Fighter on Mar 23, 2024.
             Was a Believer of Wu Jian.
             Shot with an arrow by a centaur (8 damage)
             ... on level 7 of the Dungeon.
             The game lasted 00:03:05 (2449 turns).

Marvel the Chopper (Hill Orc Fighter)               Turns: 2449, Time: 00:03:06

HP:   -2/47 (53)    AC: 12    Str: 21    XL:     6   Next: 62%
MP:   6/6           EV:  6    Int:  8    God:    Wu Jian [**....]
Gold: 187           SH:  4    Dex: 10    Spells: 5/5 levels left

rFire   . . .        a - +0 war axe
rCold   . . .        c - +0 buckler
rNeg    . . .        B - +0 plate armour
rPois   .            (no helmet)
rElec   .            (no cloak)
rCorr   +            (no gloves)
SInv    .            (no boots)
Will    .....        p - amulet of regeneration Stlth
                     z - ring of resist corrosion
HPRegen 1.07/turn    (no ring)
MPRegen 0.10/turn

%: no passive effects
@: heavily drained
A: no striking features
a: Renounce Religion, Wall Jump


You were on level 7 of the Dungeon.
You worshipped Wu Jian.
Wu Jian was pleased with you.
You visited 1 branch of the dungeon, and saw 5 of its levels.

You collected 187 gold pieces.

Inventory:

Hand Weapons
 a - a +0 war axe (weapon)
 w - a +3 dagger of venom
Missiles
 i - a throwing net (quivered)
Armour
 b - a +0 scale mail
 c - a +0 buckler (worn)
 B - a +0 plate armour (worn)
Jewellery
 n - an amulet of magic regeneration
 p - an amulet of regeneration (around neck)
 z - a ring of resist corrosion (left hand)
Wands
 o - a wand of paralysis (8)
 A - a wand of quicksilver (3)
Scrolls
 e - a scroll of summoning {unknown}
 f - a scroll of blinking {unknown}
 g - 2 scrolls of vulnerability {unknown}
 h - 2 scrolls of poison {unknown}
 j - 9 scrolls of identify {unknown}
 k - 2 scrolls of revelation {unknown}
 l - a scroll of enchant armour {unknown}
 q - a scroll of acquirement {unknown}
 s - a scroll of immolation {unknown}
 x - a scroll of torment {unknown}
 y - a scroll of enchant weapon {unknown}
Potions
 d - 2 potions of might
 m - 2 potions of curing {unknown}
 r - a potion of mutation {unknown}
 t - a potion of experience {unknown}
 u - 2 potions of invisibility {unknown}
 v - a potion of brilliance {unknown}
 C - a potion of attraction {unknown}


   Skills:
 + Level 4.6 Fighting
 + Level 6.0 Axes
 + Level 5.0 Armour
 + Level 0.6 Dodging
 + Level 0.1 Stealth
 + Level 4.1 Shields


You had 5 spell levels left.
You didn't know any spells.
Your spell library was empty.

Dungeon Overview and Level Annotations

Branches:
Dungeon (7/15)
 Temple: D:4-7

Altars:
Gozag
Ru
Wu Jian
Xom


Message History

You block the centaur's attack. The centaur barely misses you.
The wight closely misses you.
The wight hits you with a +5 long sword!
You are too injured to fight recklessly!
You are too injured to fight recklessly!
You are too injured to fight recklessly!
You are too injured to fight recklessly!
You are too injured to fight recklessly!
You are too injured to fight recklessly!
You are too injured to fight recklessly!
You are too injured to fight recklessly!
You are too injured to fight recklessly!
You are too injured to fight recklessly!
You are too injured to fight recklessly!
You are too injured to fight recklessly!
You are too injured to fight recklessly!
You are too injured to fight recklessly!
You are too injured to fight recklessly!
You are too injured to fight recklessly!
You are too injured to fight recklessly!
You are too injured to fight recklessly!
You spin and attack the wight.
You slash the wight!
The wight is heavily damaged.
The wight hits you with a +1 spear!
* * * LOW HITPOINT WARNING * * *
You feel drained.
* * * LOW HITPOINT WARNING * * *
The centaur attacks as it pursues you!
The centaur hits you but does no damage.
The centaur kicks you but does no damage.
You block the wight's attack. You block the centaur's attack.
The centaur kicks you but does no damage.
The wight attacks as it pursues you!
The wight hits you with a +5 long sword.
* * * LOW HITPOINT WARNING * * *
You feel drained.
* * * LOW HITPOINT WARNING * * *
The centaur wields a +0 shortbow.
The centaur shoots an arrow.
The arrow hits you!
You die...

............
.#.#.#....# ..
......... .#
#...#.#.. .
#.....#..
#.#.)z#.#.####
#.#.#z# .....#
#....c###.##.#
####.#..z.@..##.#
#ยงยง.....####....#
####.##.# #.#### #.
#.####.# # #......#
########


You could see a centaur and a wight.

Vanquished Creatures
  A phantom (D:4)
  A bullfrog (D:4)
  A jelly (D:4)
  Jessica (D:3)
  A gnoll (D:4)
  7 adders
  2 ribbon worms
  A dart slug (D:2)
  2 orcs
  6 endoplasms
  A giant cockroach (D:4)
  4 goblins
  8 hobgoblins
  5 jackals
  4 kobolds
  5 quokkas
  11 ball pythons
  7 bats
  3 frilled lizards
  3 rats
74 creatures vanquished.

Vanquished Creatures (others)
  2 wights (D:7)
2 creatures vanquished.

Grand Total: 76 creatures vanquished

Notes
Turn   | Place    | Note
-------+----------+-------------------------------------------
     0 | D:1      | Marvel the Hill Orc Fighter began the quest for the Orb.
     0 | D:1      | Reached XP level 1. HP: 19/19 MP: 1/1
   116 | D:1      | Reached XP level 2. HP: 27/27 MP: 2/2
   219 | D:1      | Reached skill level 3 in Axes
   425 | D:1      | Reached XP level 3. HP: 33/33 MP: 3/3
   933 | D:2      | Reached XP level 4. HP: 40/40 MP: 4/4
   976 | D:2      | Identified the +2 dagger of Resourcefulness {freeze, Int+2}
   982 | D:2      | Found a faded altar of an unknown god.
  1033 | D:2      | Identified the +7 flail "Beetlebane" {holy, Int+2}
  1179 | D:2      | Prayed at the altar of an unknown god.
  1179 | D:2      | Became a worshipper of the Wu Jian Council
  1179 | D:2      | Reached * piety under Wu Jian
  1205 | D:3      | Noticed Jessica
  1209 | D:3      | Killed Jessica
  1210 | D:3      | Reached skill level 4 in Axes
  1439 | D:3      | Found an opulent altar of Gozag.
  1561 | D:3      | Reached XP level 5. HP: 46/46 MP: 5/5
  1670 | D:3      | Found a sacrificial altar of Ru.
  1766 | D:4      | Reached skill level 5 in Axes
  1855 | D:4      | Reached ** piety under Wu Jian
  1881 | D:4      | Reached XP level 6. HP: 53/53 MP: 6/6
  2055 | D:4      | Reached skill level 6 in Axes
  2055 | D:4      | Reached skill level 5 in Armour
  2362 | D:4      | Found a shimmering altar of Xom.
  2419 | D:4      | You fall into a shaft and drop 3 floors!
  2449 | D:7      | Shot with an arrow by a centaur

Illustrated notes

Levels and vault maps discovered:
D:1:      dpeg_arrival_round_c, layout_loops_ring
D:2:      layout_rooms, hellmonk_ecumenical_altar_heavens_door
D:3:      layout_basic, nicolae_ru_path_of_blood, general_overflow_altar,
          uniq_jessica
D:4:      wad_crossroads, layout_loops_ring,
          hellmonk_okawaru_the_only_friend_you_need, kennysheep_little_box,
          minmay_misc_feat_doors, minivault_4, chequers_serial_rivers_large_b
D:7:      minmay_s_stair_smasher, layout_basic, nicolae_ossuary_entry_monument,
          lemuel_flamethrower_2, uniq_crazy_yiuf_cottage

Skill      XL: |  1  2  3  4  5  6 |
---------------+-------------------+-----
Axes           | 3 4 5 6 |  6.0
Fighting       | 4 |  4.6
Shields        | 4 |  4.1
Armour         | 4 5 |  5.0
Dodging        | |  0.6
Stealth        | |  0.1

Action                     |  1- 3 |  4- 6 || total
---------------------------+-------+-------++-------
  Melee: War axe           |    93 |   127 ||   220
Ability: Lunge             |       |     8 ||     8
         Whirlwind         |       |     1 ||     1
 Armour: Scale mail        |    52 |    58 ||   110
         Plate armour      |       |    39 ||    39
  Dodge: Dodged            |    54 |    49 ||   103
  Block: Buckler           |    26 |    25 ||    51
